 Dungeon Crawl Stone Soup version 0.21-a0-380-gd65dc97 (webtiles) character file.

2765 tof the Cruncher (level 9, -1/70 HPs)
             Began as a Minotaur Gladiator on Oct 17, 2017.
             Was a Priest of Wu Jian.
             Succumbed to Xiguana's ghost's poison
             ... on level 7 of the Dungeon.
             The game lasted 00:16:23 (7008 turns).

tof the Cruncher (Minotaur Gladiator)               Turns: 7008, Time: 00:16:23

Health: -1/70      AC:  7    Str: 19    XL:     9   Next: 42%
Magic:  8/8        EV: 15    Int:  5    God:    Wu Jian [***...]
Gold:   507        SH:  0    Dex: 17    Spells: 8/8 levels left

rFire    . . .     SeeInvis +   a - +0 quarterstaff
rCold    + + .     Gourm    .   (shield currently unavailable)
rNeg     . . .     Faith    .   g - +0 ring mail
rPois    .         Spirit   .   (helmet unavailable)
rElec    .         Reflect  .   (no cloak)
rCorr    .         Harm     .   (no gloves)
MR       .....                  H - +0 pair of boots
Stlth    +.........             (no amulet)
HPRegen  0.21/turn              v - ring of protection from cold
MPRegen  0.11/turn              r - ring of see invisible

@: lethally poisoned (-1 -> -31), drained
A: retaliatory headbutt, horns 3, agile 1, cold resistance 1, frail 1
a: Renounce Religion


You were on level 7 of the Dungeon.
You worshipped Wu Jian.
Wu Jian was most pleased with you.
You were not hungry.

You visited 2 branches of the dungeon, and saw 8 of its levels.
You also visited: Sewer.

You collected 507 gold pieces.

Inventory:

Hand Weapons
 a - a +0 quarterstaff (weapon)
 b - a +0 blowgun
Missiles
 c - 3 javelins
 d - 3 throwing nets
 y - 10 tomahawks (quivered)
Armour
 g - a +0 ring mail (worn)
 H - a +0 pair of boots (worn)
Jewellery
 r - a ring of see invisible (right hand)
 v - a ring of protection from cold (left hand)
Wands
 j - a wand of lightning (12/15)
 n - a wand of clouds (3/9)
 E - a wand of polymorph (2/24)
 G - a wand of lightning (6/15)
 K - a wand of digging (10/24)
 M - a wand of disintegration (10/24)
Scrolls
 e - 2 scrolls of teleportation
 i - 4 scrolls of remove curse
 o - 4 scrolls of blinking
 p - 2 scrolls of recharging
 t - a scroll of enchant weapon
 u - 3 scrolls of amnesia
 C - 3 scrolls of fear
 D - 4 scrolls of fog
 F - a scroll of noise
Potions
 k - a potion of flight
 l - 3 potions of agility
 m - a potion of brilliance
 s - a potion of haste
 w - 4 potions of curing
 x - a potion of lignification {unknown}
 z - a potion of cancellation {unknown}
 A - a potion of resistance {unknown}
 B - a potion of magic {unknown}
 I - 2 potions of might {unknown}
 J - a potion of heal wounds {unknown}
Comestibles
 f - 2 bread rations
 h - 3 royal jellies
 q - 3 meat rations
 L - 3 chunks of flesh


   Skills:
 + Level 6.7(6.6) Fighting
 * Level 9.8(9.6) Staves
 + Level 5.6(5.5) Throwing
 + Level 6.0(5.9) Armour
 + Level 6.6(6.5) Dodging


You had 8 spell levels left.
You didn't know any spells.

Dungeon Overview and Level Annotations

Branches:
Dungeon (7/15)             Temple (1/1) D:4

Altars:
Cheibriados
Elyvilon
Fedhas
Gozag
Makhleb
Nemelex Xobeh
Okawaru
Qazlal
Sif Muna
Trog
Uskayaw
Vehumet
Wu Jian
Xom
Zin

Annotations:
D:7 Xiguana's ghost, novice GnSk


Innate Abilities, Weirdness & Mutations

You reflexively headbutt those who attack you in melee.
You have a pair of large horns on your head.
You are agile. (Dex +2)
Your flesh is cold resistant. (rC+)
You are frail. (-10% HP)


Message History

Xiguana's ghost is severely damaged.
* * * LOW HITPOINT WARNING * * *
You feel very sick.
Really walk into that teleport trap?
You enter a teleport trap!
The teleport trap disappears.
Your surroundings suddenly seem different.
* * * LOW HITPOINT WARNING * * *
You feel very sick.
The orc warrior shouts!
The orc shouts!
As you read the scroll of teleportation, it crumbles to dust.
You feel strangely unstable.
* * * LOW HITPOINT WARNING * * *
You feel very sick.
* * * LOW HITPOINT WARNING * * *
You feel very sick.
Your surroundings suddenly seem different.
* * * LOW HITPOINT WARNING * * *
You feel very sick.
A scorpion comes into view.
You die...

### ..# #.# #.# #.# #.# #.#
##########.# #.# #.....s....#
#.###...@......#######
.######........))..)...o...#
...................[.#####.
..........oo#'######.# ##
............#.# #.# ....
.......ยง......# #W#######.##
.###################.).........
.........oo...#.##
##..#######.....#.


You could see an orc warrior, a scorpion and an orc.

Vanquished Creatures
  A hungry ghost (D:7)
  A water moccasin (D:7)
  A sky beast (D:5)
  4 phantoms
  4 ogres
  A centaur (D:7)
  Blork the orc (Temple)
  A big kobold (D:7)
  5 bullfrogs
  3 scorpions
  4 wights (D:7)
  A howler monkey (D:6)
  A jelly (D:4)
  A crimson imp (D:4)
  7 orc wizards
  A gnoll shaman (D:7)
  2 orc priests
  2 bullfrog skeletons
  An iguana (D:5)
  3 worker ants
  A hound zombie (D:7)
  A hound skeleton (D:6)
  3 gnolls (D:7)
  9 adders
  9 oozes
  An adder skeleton (D:4)
  7 worms
  2 dart slugs
  13 leopard geckos
  22 orcs
  22 giant cockroaches
  3 hobgoblins
  4 jackals (D:1)
  12 kobolds
  3 quokkas (D:2)
  12 ball pythons
  6 bats
  13 frilled lizards
  6 goblins
  A leopard gecko skeleton (D:4)
  A quokka skeleton (D:4)
  7 rats
203 creatures vanquished.

Vanquished Creatures (others)
  A sky beast (D:6)
  18 fungi (D:7)
19 creatures vanquished.

Grand Total: 222 creatures vanquished

Notes
Turn   | Place    | Note
-------+----------+-------------------------------------------
     0 | D:1      | tof the Minotaur Gladiator began the quest for the Orb.
     0 | D:1      | Reached XP level 1. HP: 18/18 MP: 0/0
   145 | D:1      | Reached XP level 2. HP: 25/25 MP: 1/1
   147 | D:1      | Reached skill level 4 in Staves
   506 | D:1      | Reached skill level 1 in Armour
   781 | D:2      | Found a hide-covered altar of Uskayaw.
   837 | D:2      | Reached XP level 3. HP: 30/30 MP: 2/2
   872 | D:2      | Found a glowing silver altar of Zin.
  1153 | D:2      | Found a radiant altar of Vehumet.
  1646 | D:3      | Reached XP level 4. HP: 31/38 MP: 3/3
  2134 | D:4      | Reached skill level 5 in Staves
  2134 | D:4      | Reached XP level 5. HP: 30/45 MP: 4/4
  2237 | D:4      | Found a staircase to the Ecumenical Temple.
  2406 | D:4      | Noticed Blork the orc
  2408 | D:4      | Noticed a phantom
  2413 | Temple   | Entered the Ecumenical Temple
  2567 | Temple   | Killed Blork the orc
  2567 | Temple   | Reached XP level 6. HP: 18/52 MP: 5/5
  2846 | Temple   | Became a worshipper of the Wu Jian Council
  2891 | D:4      | Reached skill level 6 in Staves
  3164 | D:4      | Reached XP level 7. HP: 36/60 MP: 6/6
  3503 | D:4      | Found a deep blue altar of Sif Muna.
  3607 | D:5      | Entered Level 5 of the Dungeon
  3621 | D:5      | Found a stormy altar of Qazlal.
  4029 | D:5      | Reached skill level 5 in Dodging
  4033 | D:5      | Gained mutation: You are agile. (Dex +2) [mutagenic meat]
  4034 | D:5      | Gained mutation: You have a pair of large horns on your head. [mutagenic meat]
  4035 | D:5      | Gained mutation: You are frail. (-10% HP) [mutagenic meat]
  4036 | D:5      | Gained mutation: Your flesh is cold resistant. (rC+) [mutagenic meat]
  4519 | D:5      | Reached skill level 7 in Staves
  4579 | D:5      | Reached skill level 5 in Fighting
  4590 | D:5      | Reached XP level 8. HP: 36/61 MP: 7/7
  4794 | D:5      | Noticed a moth of wrath
  4797 | D:5      | Found a bloodstained altar of Trog.
  4808 | D:5      | Reached * piety under Wu Jian
  5063 | D:6      | Found a glowing drain.
  5082 | Sewer    | Entered a sewer
  5263 | Sewer    | Reached ** piety under Wu Jian
  5400 | D:6      | Reached skill level 8 in Staves
  5423 | D:6      | Reached skill level 5 in Armour
  5763 | D:6      | Found a snail-covered altar of Cheibriados.
  6440 | D:7      | Reached skill level 5 in Throwing
  6549 | D:7      | Reached skill level 9 in Staves
  6549 | D:7      | Reached XP level 9. HP: 63/67 MP: 8/8
  6598 | D:7      | Noticed Xiguana's ghost (novice GnSk)
  6606 | D:7      | Reached *** piety under Wu Jian
  7007 | D:7      | HP: 2/70 [poisoned by Xiguana's ghost]
  7008 | D:7      | Succumbed to Xiguana's ghost's poison

Vault maps used:
D:1:      minmay_arrival_up_and_down, minmay_hedge_maze, minmay_small_reverse_x
D:2:      zin_treasury, lemuel_doored_altar, nicolae_overflow_hidden_temple,
          eat_drink_and_be_merry_uskayaw, st_stairs_3
D:4:      overflow_temple_1_default, minmay_temple_entry_junction, first_bread,
          uniq_blork_the_orc
D:5:      lemuel_round_altar, tgw_trog, hangedman_abyss_or_decor_stabs
D:6:      slow_altar_1, cheibrodos_sewer_entry_bend, lemuel_flame_loot_1
D:7:      old_forge
Temple:   nicolae_temple_figure_eight
Sewer:    sewer_frog_island_02

Skill      XL: |  1  2  3  4  5  6  7  8  9 |
---------------+----------------------------+-----
Staves         | 4 5 6 7 9 |  9.8
Armour         | 1 2 3 4 5 6 |  6.0
Fighting       | 3 4 5 6 |  6.7
Dodging        | 4 5 6 |  6.6
Throwing       | 3 4 5 |  5.6

Action                   |  1- 3 |  4- 6 |  7- 9 || total
-------------------------+-------+-------+-------++-------
Melee: Quarterstaff      |    77 |    73 |   376 ||   526
       Headbutt          |     8 |    16 |    67 ||    91
Evoke: Wand              |       |       |     6 ||     6
  Use: Scroll            |       |     1 |    17 ||    18
  Eat: Chunk             |     2 |     2 |    15 ||    19
       Bread ration      |       |     1 |     1 ||     2
Armor: Leather armour    |     8 |       |       ||     8
       Ring mail         |    16 |    24 |    82 ||   122
Dodge: Dodged            |    55 |    44 |   226 ||   325

Table legend:
 A = Spawn XP
 B = Non-spawn XP
 C = Spawn XP percentage of total XP
 D = Spawn monster count
 E = Non-spawn monster count
 F = Spawn count percentage of total count
 G = Total turns spent on level
                    A         B        C        D         E        F      G
               +---------+---------+-------+---------+---------+-------+---------
         Total |       0 |    3951 |   0.0 |       0 |     203 |   0.0 |  7008
               +---------+---------+-------+---------+---------+-------+---------
           D:1 |       0 |      33 |   0.0 |       0 |      20 |   0.0 |   761
           D:2 |       0 |      39 |   0.0 |       0 |      19 |   0.0 |   739
           D:3 |       0 |      62 |   0.0 |       0 |      18 |   0.0 |   725
           D:4 |       0 |     592 |   0.0 |       0 |      20 |   0.0 |  1109
           D:5 |       0 |     556 |   0.0 |       0 |      25 |   0.0 |  1250
           D:6 |       0 |     623 |   0.0 |       0 |      13 |   0.0 |  1104
           D:7 |       0 |    1481 |   0.0 |       0 |      34 |   0.0 |   572
        Temple |       0 |     217 |   0.0 |       0 |       2 |   0.0 |   475
         Sewer |       0 |     348 |   0.0 |       0 |      52 |   0.0 |   273
               +---------+---------+-------+---------+---------+-------+---------
